 Dungeon Crawl Stone Soup version 0.28.0 (console) character file.

Game seed: 7409896702069756602

95 Cab the Chopper (level 4, -1/35 HPs)
             Began as a Demonspawn Fighter on Feb 4, 2022.
             Slain by Crazy Yiuf (2 damage)
             ... on level 3 of the Dungeon.
             The game lasted 00:05:41 (2677 turns).

Cab the Chopper (Demonspawn Fighter)                Turns: 2677, Time: 00:05:42

Health: -1/35      AC: 13    Str: 18    XL:     4   Next: 40%
Magic:  4/4        EV:  9    Int: 14    God:
Gold:   79         SH: 10    Dex: 20    Spells: 3/3 levels left

rFire   . . .      SeeInvis .   l - +7 hand axe {pain, rCorr Int+4 Dex+8 Stlth-}
rCold   . . .      Faith    .   c - +0 buckler
rNeg    . . .      Spirit   .   b - +0 scale mail
rPois   .          Reflect  +   (no helmet)
rElec   .          Harm     .   f - +0 cloak
rCorr   +          Rampage  .   (no gloves)
Will    .....                   (no boots)
Stlth   ..........              g - amulet of reflection
HPRegen 0.11/turn               (no ring)
MPRegen 0.09/turn               (no ring)

@: lethally poisoned (-1 -> -24), sanguine armoured
A: demonic guardian 1, ignite blood 1, sanguine armour 1
a: no special abilities


You were on level 3 of the Dungeon.
You visited 1 branch of the dungeon, and saw 3 of its levels.

You collected 79 gold pieces.

Inventory:

Hand Weapons
 a - a +0 war axe
 l - the +7 hand axe of Lies (weapon) {pain, rCorr Int+4 Dex+8 Stlth-}
   (You found it on level 3 of the Dungeon)

   In the hands of one skilled in necromantic magic, it inflicts extra damage on
   living creatures.
   Int:       It affects your intelligence (+4).
   Dex:       It affects your dexterity (+8).
   rCorr:     It protects you from acid and corrosion.
   Stlth:     It makes you less stealthy.
Armour
 b - a +0 scale mail (worn)
 c - a +0 buckler (worn)
 f - a +0 cloak (worn)
Jewellery
 g - an amulet of reflection (around neck)
 k - a ring of fire
Scrolls
 e - 2 scrolls of identify
 h - a scroll of holy word {unknown}
 i - a scroll of enchant armour {unknown}
Potions
 d - a potion of might


   Skills:
 - Level 3.0 Fighting
 + Level 4.3 Axes
 - Level 2.6 Armour
 - Level 2.6 Shields


You had 3 spell levels left.
You didn't know any spells.
Your spell library was empty.

Dungeon Overview and Level Annotations

Branches:
Dungeon (3/15)

Altars:

Annotations:
D:3 Crazy Yiuf


Innate Abilities, Weirdness & Mutations

A weak demonic guardian rushes to your aid.
Your demonic aura sometimes causes spilled blood to erupt in flames.
When seriously injured, your blood forms armour. (AC +6)


Message History

l - the +7 hand axe of Lies {pain, rCorr Int+4 Dex+8 Stlth-} You feel clever.
You feel agile.
You have a feeling of ineptitude.
l - the +7 hand axe of Lies (weapon)
{pain, rCorr Int+4 Dex+8 Stlth-} Your library has no spells.
Things that are here:
a +0 dagger; a bat corpse
m - a sedimented dark potion
As you read the scroll labelled TERITU MIORUAF, it crumbles to dust.
It is a scroll of identify.
m - a potion of attraction
As you read the scroll of identify, it crumbles to dust.
j - a potion of lignification You drop a potion of attraction.
You drop a potion of lignification.
You see here a bat corpse.
You see here a +0 rapier.
There is a stone staircase leading up here.
Things that are here:
a +0 dagger; 3 stones
There is a stone staircase leading down here.
Crazy Yiuf shouts!
You open the door.
You aren't carrying any items that you can evoke.
You hit Crazy Yiuf.
Crazy Yiuf is lightly wounded.
Crazy Yiuf hits you with a +4 quarterstaff of chaos!
Your blood congeals into armour.
You are lethally poisoned!
You slash Crazy Yiuf!
Crazy Yiuf is heavily wounded.
You feel very sick.
Crazy Yiuf hits you with a +4 quarterstaff of chaos!
You are more poisoned.
You closely miss Crazy Yiuf.
Crazy Yiuf is heavily wounded.
* * * LOW HITPOINT WARNING * * *
You feel extremely sick.
Crazy Yiuf hits you with a +4 quarterstaff of chaos.
You die...

▒∙∙∙∙∙∙∙∙∙∙▒▒▒▒▒▒▒▒▒▒
▒▒▒▒▒▒▒▒▒▒∙▒ ▒∙▒
▒▒▒▒▒ ▒▒▒ ▒)∙∙▒ ▒∙∙∙▒
▒▒ ∙∙∙ ▒▒▒▒▒▒▒▒∙ ▒g▒
▒∙∙∙∙∙∙∙∙ ▒@▒▒
▒▒▒▒▒∙∙∙▒ ▒▒∙▒ ▒▒▒∙∙
▒∙▒▒ ▒∙∙∙∙ ▒▒∙▒ ▒∙▒∙∙
▒▒∙▒▒ ▒▒∙▒▒▒ ▒▒∙∙∙▒
▒▒▒∙∙▒ ▒∙∙∙∙▒
▒▒▒∙∙∙▒▒ ▒∙∙∙∙▒
▒∙∙∙▒▒▒ ▒▒∙∙▒▒▒▒
▒∙▒▒▒


You could see Crazy Yiuf.

Vanquished Creatures
  A gnoll (D:2)
  2 adders (D:2)
  2 dart slugs
  An orc (D:3)
  6 endoplasms
  2 giant cockroaches
  6 hobgoblins
  2 jackals (D:2)
  3 quokkas (D:2)
  3 ball pythons
  6 bats
  2 frilled lizards
  5 kobolds
  2 rats
43 creatures vanquished.

Vanquished Creatures (collateral kills)
  2 adders (D:2)
2 creatures vanquished.

Vanquished Creatures (others)
  A fungus (D:2)
  2 plants (D:2)
3 creatures vanquished.

Grand Total: 48 creatures vanquished

Notes
Turn   | Place    | Note
-------+----------+-------------------------------------------
     0 | D:1      | Cab the Demonspawn Fighter began the quest for the Orb.
     0 | D:1      | Reached XP level 1. HP: 18/18 MP: 1/1
   141 | D:1      | Reached skill level 2 in Axes
   694 | D:2      | Gained mutation: A weak demonic guardian rushes to your
                  | aid. [demonic ancestry]
   694 | D:2      | Reached XP level 2. HP: 11/24 MP: 2/2
   978 | D:2      | Reached skill level 3 in Axes
   978 | D:2      | Gained mutation: Your demonic aura sometimes causes spilled
                  | blood to erupt in flames. [demonic ancestry]
   978 | D:2      | Reached XP level 3. HP: 12/29 MP: 3/3
  1164 | D:2      | Found a faded altar of an unknown god.
  1613 | D:2      | Reached skill level 4 in Axes
  1613 | D:2      | Gained mutation: When seriously injured, your blood forms
                  | armour. (AC +6) [demonic ancestry]
  1613 | D:2      | Reached XP level 4. HP: 5/35 MP: 4/4
  2407 | D:3      | Found a runed translucent door.
  2408 | D:3      | Noticed Crazy Yiuf
  2436 | D:3      | Identified the +8 spear of Welfare {pain, Dex+8}
  2570 | D:3      | Identified the +7 hand axe of Lies {pain, rCorr Int+4 Dex+8
                  | Stlth-}
  2677 | D:3      | HP: 1/35 [poisoned by Crazy Yiuf]
  2677 | D:3      | Slain by Crazy Yiuf

Illustrated notes

Levels and vault maps discovered:
D:1:      lightli_arrival_quake, layout_basic
D:2:      layout_rooms, shapermc_ecumenical_altar_acropolis,
          cheibrodos_gnoll_hut
D:3:      layout_rooms, uniq_crazy_yiuf_cottage

Skill      XL: |  1  2  3 |
---------------+----------+-----
Axes           | 2 3 4 |  4.3
Fighting       | |  3.0
Armour         | |  2.6
Shields        | |  2.6

Action                   |  1- 3 |  4- 6 || total
-------------------------+-------+-------++-------
Melee: War axe           |    84 |    42 ||   126
       Hand axe          |       |     3 ||     3
  Use: Potion            |     1 |       ||     1
       Scroll            |       |     2 ||     2
Armor: Scale mail        |    62 |    13 ||    75
Dodge: Dodged            |    43 |    16 ||    59
Block: Buckler           |    57 |    20 ||    77
       Reflection        |     2 |     1 ||     3
